AoeStats
← ta7anon

Arabia

510414309Analyzed
1v1 RM · 3d ago on Sep 30, 2026· 58m 34s· 2 players
Game mode
Random Map
Map size
Tiny (2 player)
Population
200
Speed
Normal
Resources
Standard
Victory
Conquest
Starting age
Dark Age
Ending age
Imperial Age
RankedLock teamsTeams togetherTeam positionsShared explorationLock speedFull tech treeHidden civsTurbo modeCheats
Victory
Defeat
🇺🇸 Mongols · United States
821
+16
🇨🇴 Khitans · Colombia
811
-16
danielckbravo
3:40 Loom
9:56 Feudal Age
10:40 Double-Bit Axe
14:18 Forging
19:32 Castle Age
18:07 Gold Mining
18:18 Fletching
21:24 Thumb Ring
24:04 Wheelbarrow
29:59 Hand Cart
30:20 Domestication
30:08 Elite Skirmisher
30:13 Heavy Cavalry Archer
31:45 Town Watch
37:56 Imperial Age
36:07 Murder Holes
37:28 Ballistics
37:45 Heavy Cavalry Archer
39:41 Parthian Tactics
38:55 Heavy Camel Rider
41:48 Chemistry
42:13 Lamellar Armor
45:58 Iron Casting
45:19 Bodkin Arrow
45:31 Scale Barding Armor
45:28 Padded Archer Armor
50:47 Ordo Cavalry
ta7anon
1:25 Loom
10:49 Feudal Age
14:15 Double-Bit Axe
15:39 Fletching
15:49 Padded Archer Armor
19:57 Castle Age
21:55 Scale Mail Armor
22:17 Pikeman
23:36 Bow Saw
24:34 Leather Archer Armor
24:17 Bodkin Arrow
28:15 Leather Archer Armor
28:20 Chain Mail Armor
27:45 Elite Skirmisher
29:09 Squires
30:35 Horse Collar
31:14 Forging
31:11 Scale Barding Armor
34:27 Iron Casting
34:34 Wheelbarrow
34:54 Heavy Plow
37:43 Husbandry
37:54 Bloodlines
38:23 Town Watch
43:31 Imperial Age
44:02 Ballistics
44:35 Conscription
45:54 Bracer
46:55 Blast Furnace
46:16 Chain Barding Armor
46:11 Elite Mangudai
48:13 Hand Cart
47:56 Light Cavalry
50:00 Chemistry
53:38 Hussar
59:10 Town Patrol
Connection lost

Rejoining the realm…

Still unreachable

The connection could not be restored.

Session expired

The server has moved on; the page needs a fresh start.